 Dungeon Crawl Stone Soup version 0.31-a0-1424-g2add1c7226 (webtiles) character file.

Game seed: 3778038522082569409

149 Caestello the Magician (level 5, -6/39 HPs)
             Began as an Armataur Hedge Wizard on Dec 26, 2023.
             Mangled by an orc
             ... wielding a +0 trident
              (8 damage)
             ... on level 2 of the Dungeon.
             The game lasted 00:15:52 (3038 turns).

Caestello the Magician (Armataur Hedge Wizard)      Turns: 3038, Time: 00:15:53

Health: -6/39      AC:  4    Str: 15    XL:     5   Next: 9%
Magic:  7/10       EV: 10    Int: 14    God:
Gold:   110        SH:  0    Dex: 12    Spells: 5/11 levels left

rFire   . . .        b - +0 short sword
rCold   . . .        (no shield)
rNeg    . . .        h - +0 robe
rPois   .            c - +0 hat
rElec   .            (no cloak)
rCorr   .            (no gloves)
SInv    .            (no barding)
Will    .....        (no amulet)
Stlth   ++           (no ring)
HPRegen 0.26/turn    (no ring)
MPRegen 0.45/turn

%: roll
@: on blink cooldown
A: large, deformed body, tough skin 3, armoured tail, roll 1
a: no special abilities


You were on level 2 of the Dungeon.
You visited 1 branch of the dungeon, and saw 3 of its levels.

You collected 110 gold pieces.

Inventory:

Hand Weapons
 a - a +0 dagger
 b - a +0 short sword (weapon)
Armour
 c - a +0 hat (worn)
 h - a +0 robe (worn)
Jewellery
 e - a ring of fire
Wands
 r - a wand of polymorph (9)
Scrolls
 g - 2 scrolls of fog {unknown}
 i - 3 scrolls of poison {unknown}
 j - 3 scrolls of identify {unknown}
 m - 2 scrolls of teleportation {unknown}
 q - a scroll of blinking {unknown}
 t - a scroll of amnesia {unknown}
 v - a scroll of brand weapon {unknown}
Potions
 d - a potion of magic
 f - 3 potions of curing {unknown}
 k - a potion of might {unknown}
 l - a potion of enlightenment {unknown}
 n - 3 potions of heal wounds {unknown}
 o - a potion of haste {unknown}
 p - a potion of invisibility {unknown}
 s - a potion of brilliance {unknown}
 u - 2 potions of lignification {unknown}


   Skills:
 + Level 0.4 Fighting
 + Level 1.5 Short Blades
 + Level 1.9 Dodging
 + Level 2.6 Stealth
 + Level 3.8 Spellcasting
 + Level 1.5 Conjurations
 + Level 0.4 Hexes
 + Level 0.8 Summonings
 + Level 1.0 Translocations


You had 5 spell levels left.
You knew the following spells:

 Your Spells              Type           Power      Damage    Failure   Level
a - Magic Dart            Conj           28%        1d4       11%         1
b - Slow                  Hex            12%        N/A       17%         1
c - Blink                 Tloc           10%        N/A       19%         2
d - Call Imp              Summ           10%        N/A       22%         2

Your spell library contained the following spells:

 Spells                   Type           Power      Damage    Failure   Level
 Cigotuvi's Dreadful Rot  Necr/Alch/Air  4%         N/A       30%         2
 Mephitic Cloud           Conj/Alch/Air  4%         N/A       43%         3


Dungeon Overview and Level Annotations

Branches:
Dungeon (3/15)

Altars:
Kikubaaqudgha


Innate Abilities, Weirdness & Mutations

Armour fits poorly on your strangely shaped body.
You have extremely tough skin. (AC +3)
You have a long armoured tail.
You regenerate magic when rolling toward enemies. (Rampage MPRegen)


Message History

The orc hits you with a +0 trident.
The orc hits you from afar with a +0 trident.
The orc hits you but does no damage.
There is a stone staircase leading up here.
The orc attacks as it pursues you!
The orc hits you from afar with a +0 trident.
You roll towards the orc!
You hit the orc but do no damage. The orc misses you.
The orc hits you but does no damage. The orc hits you with a +0 trident.
You climb upwards.
There is a stone staircase leading down here.
The orc hits you from afar with a +0 trident.
The orc completely misses you.
Things that are here:
a +0 scale mail; a +0 club The orc attacks as it pursues you!
The orc hits you from afar with a +0 trident.
The orc attacks as it pursues you!
The orc hits you from afar with a +0 trident!
* * * LOW HITPOINT WARNING * * *
The orc attacks as it pursues you!
The orc hits you from afar with a +0 trident.
* * * LOW HITPOINT WARNING * * *
Casting: Slow (safe; 17% risk of failure)
Confirm with . or Enter, or press ? or * to list all spells.
You blink.
Aiming: Polymorph
Press: ? - help, Shift-Dir - straight line, f - orc
Aim: an orc, wielding a +0 trident and wearing a +0 chain mail (will become an endoplasm, a swamp drake, or a goblin, chance to affect: 66%)
Okay, then.
You roll towards the orc!
You hit the orc.
You tail-slap the orc, but do no damage.
The orc is severely wounded.
The orc hits you from afar with a +0 trident.
* * * LOW HITPOINT WARNING * * *
The orc barely misses you.
Casting: Blink (safe; 19% risk of failure)
Confirm with . or Enter, or press ? or * to list all spells.
A tiny devil pulls itself out of the air.
The orc closely misses you. The orc hits you with a +0 trident!
You die...

..######.###..##.###........#
..### #..# #)..#.# #.....)..#
....###.## ##>...# ##########
........# #[..## ....##..#
#..## ....###.## #..# ....#
#..# #..######
....####.####.oo#...#
...........[ยง...@...#
....####..###....5..#
................#...#
....#############...# ....#
#...# ##### #####


You could see 2 orcs and a friendly cerulean imp (summoned).

Vanquished Creatures
  A bullfrog (D:3)
  3 adders (D:2)
  3 dart slugs
  2 orcs (D:2)
  6 ball pythons
  A bat (D:1)
  6 endoplasms
  6 goblins
  8 hobgoblins (D:1)
  4 jackals (D:2)
  2 quokkas
  5 frilled lizards
  A kobold (D:1)
  3 rats
51 creatures vanquished.

Notes
Turn   | Place    | Note
-------+----------+-------------------------------------------
     0 | D:1      | Caestello the Armataur Hedge Wizard began the quest for the
                  | Orb.
     0 | D:1      | Reached XP level 1. HP: 14/14 MP: 4/4
     2 | D:1      | Learned a level 1 spell: Slow
   250 | D:1      | Reached skill level 3 in Spellcasting
   289 | D:1      | Reached XP level 2. HP: 20/20 MP: 6/6
   709 | D:1      | Reached skill level 1 in Conjurations
   716 | D:1      | Reached skill level 1 in Short Blades
   838 | D:1      | Reached XP level 3. HP: 24/26 MP: 3/7
   854 | D:1      | Learned a level 2 spell: Blink
  1786 | D:2      | Reached XP level 4. HP: 8/33 MP: 1/9
  1887 | D:2      | Learned a level 2 spell: Call Imp
  2359 | D:3      | Noticed a bullfrog
  2379 | D:3      | Killed a bullfrog
  2380 | D:3      | Reached XP level 5. HP: 19/39 MP: 1/10
  2703 | D:3      | Found an ancient bone altar of Kikubaaqudgha.
  3038 | D:2      | Mangled by an orc

Illustrated notes

Levels and vault maps discovered:
D:1:      dpeg_arrival_water_fire, layout_basic
D:2:      layout_rooms
D:3:      layout_rooms, mainiacjoe_overflow_alcove_2

Skill      XL: |  1  2 |
---------------+-------+-----
Spellcasting   | 3 |  3.8
Conjurations   | 1 |  1.5
Short Blades   | 1 |  1.5
Fighting       | |  0.4
Dodging        | |  1.9
Stealth        | |  2.6
Hexes          | |  0.4
Summonings     | |  0.8
Translocations | |  1.0

Action                     |  1- 3 |  4- 6 || total
---------------------------+-------+-------++-------
  Melee: Dagger            |   102 |    38 ||   140
         Tailslap          |    13 |    10 ||    23
         Punch             |     2 |       ||     2
         Short sword       |       |     3 ||     3
   Cast: Magic Dart        |    67 |    26 ||    93
         Slow              |     5 |     8 ||    13
         Call Imp          |       |     3 ||     3
         Blink             |       |     3 ||     3
   Stab: Sleeping          |     2 |       ||     2
 Armour: Robe              |    99 |    78 ||   177
  Dodge: Dodged            |    65 |    35 ||   100

Table legend: (Time is in decaauts)
 A = Elapsed time spent in this place.
 B = Non-inter-level travel time spent in this place.
 C = Inter-level travel time spent in this place.
 D = Time resting spent in this place.
 E = Time spent auto-exploring this place.
 F = Levels seen in this place.
 G = Mean time per level.
                   A        B        C        D        E       F      G
               +--------+--------+--------+--------+--------+-----+--------+
         Total |   3032 |   2880 |    152 |    473 |   1704 |   3 | 1010.7 |
       Dungeon |   3032 |   2880 |    152 |    473 |   1704 |   3 | 1010.7 |
               +--------+--------+--------+--------+--------+-----+--------+

Top non-repeatable levels by time:
     D:1: 1275 daAuts
     D:2: 1123 daAuts
     D:3: 633 daAuts
